 Dungeon Crawl Stone Soup version 0.17-a0-1572-g7a1422d (webtiles) character file.

83 Tacitus the Caller (level 4, -4/24 HPs)
             Began as a Deep Elf Summoner on July 25, 2015.
             Killed by divine providence
             ... invoked by an orc priest
              (13 damage)
             ... on level 3 of the Dungeon.
             The game lasted 00:24:36 (1932 turns).

Tacitus the Caller (Deep Elf Summoner)              Turns: 1932, Time: 00:24:40

Health: -4/24      AC:  2    Str:  5    XL:     4   Next: 22%
Magic:  9/12       EV: 13    Int: 21    God:
Gold:   89         SH:  0    Dex: 15    Spells: 2 memorised, 8 levels left

rFire  . . .     SeeInvis .     L - +1 short sword (elec)
rCold  . . .     Clarity  .     F - +0 robe
rNeg   . . .     SustAt   .     (no shield)
rPois  .         Gourm    .     (no helmet)
rElec  .         Spirit   .     (no cloak)
rCorr  .         Warding  .     (no gloves)
rMut   .         Stasis   +     (no boots)
MR     .....                    Z - amulet of stasis
Stlth  ++........               (no ring)
                                (no ring)

@: not resistant to hostile enchantments, unstealthy
A: no striking features
a: no special abilities


You were on level 3 of the Dungeon.
You were not hungry.

You visited 1 branch of the dungeon, and saw 3 of its levels.

You collected 89 gold pieces.

Inventory:

Hand weapons
 c - a +0 hand axe
 g - a +0 club
 k - a +0 hand axe
 p - a +0 blowgun
 r - a -3 mace
 s - a +0 dagger
 u - a +0 club
 w - a cursed -2 club
 x - a +0 dagger
 y - a +0 dagger
 A - a +0 short sword
 B - a +0 dagger
 D - a +0 club
 H - a +0 whip
 I - a +0 club
 J - a +0 falchion
 K - a +0 flail
 L - a +1 short sword of electrocution (weapon)
 M - a +0 war axe
 P - a cursed -1 club
 S - a +0 dagger
 V - a +0 spear
 X - a +0 dagger
Missiles
 v - 20 bolts
 z - 34 arrows
 G - 23 sling bullets
 R - 18 poisoned needles
Armour
 a - a +0 robe
 d - a +0 robe
 e - a +0 ring mail
 i - a +0 leather armour
 m - a +0 robe
 n - a +0 chain mail
 F - a +0 robe (worn)
 N - a +0 leather armour
 O - a +0 leather armour
 Q - a +0 leather armour
 T - a +0 scale mail
Jewellery
 Z - an amulet of stasis (around neck)
Scrolls
 j - a scroll of recharging {unknown}
 l - a scroll of identify {unknown}
 q - 2 scrolls of teleportation {unknown}
 t - 2 scrolls of magic mapping {unknown}
 C - a scroll of amnesia {unknown}
 E - a scroll of remove curse
 Y - a scroll of blinking {unknown}
Potions
 h - 2 potions of haste
 o - a potion of brilliance
Books
 b - a book of Callings

   Spells                             Type                      Level
   a - Summon Small Mammal            Summoning                    1
   b - Call Imp                       Summoning                    2
   c - Call Canine Familiar           Summoning                    3
   d - Summon Guardian Golem          Hexes/Summoning              3
   e - Summon Lightning Spire         Summoning/Air                4
   f - Summon Ice Beast               Ice/Summoning                4
Comestibles
 f - 5 fruits


   Skills:
 + Level 2.5 Dodging
 + Level 2.6 Stealth
 + Level 4.6 Spellcasting
 + Level 5.4 Summonings


You had 8 spell levels left.
You knew the following spells:

 Your Spells              Type           Power        Failure   Level  Hunger
a - Summon Small Mammal   Summ           ####         1%          1    None
b - Summon Guardian Gole  Hex/Summ       ###.....     14%         3    ##.....


Dungeon Overview and Level Annotations

Branches:
Dungeon (3/15)

Altars:


Message History

The orc hits your quokka with a trident.
Your quokka barely misses the orc.
You swap places.
Your quokka bites the orc.
The orc closely misses your quokka.
Your quokka barely misses the orc.
Your quokka bites the orc.
Your quokka barely misses the orc.
The orc hits your quokka with a trident!
Your quokka dies!
Your quokka's corpse disappears in a puff of smoke!
Your bat closely misses the orc.
Your quokka bites the orc.
The orc dies!
You swap places.
You swap places.
You see here a trident.
Casting: Summon Small Mammal
Confirm with . or Enter, or press ? or * to list all spells.
The orc shouts!
The orc priest invokes the aid of Beogh against you.
Something smites you!
Ouch! That really hurt!
You die...

####.........#
#.........#
##....#####
#.....#
#####.# #.#
#.## #br#
##@##
######.(###.##
#......r......
#...o##.##....
#...( ... ...
#... #.#....
###. .. ... #
... .. #g.. .


You could see an orc priest, a friendly quokka, a friendly bat and a friendly
rat.

Vanquished Creatures
  A gnoll (D:3)
  A bat (D:1)
2 creatures vanquished.

Vanquished Creatures (collateral kills)
  3 adders (D:2)
  3 gnolls
  An ooze (D:2)
  A worm (D:3)
  A giant gecko (D:1)
  6 orcs (D:3)
  6 bats
  4 goblins
  8 hobgoblins
  10 kobolds
  2 quokkas
  6 giant newts
  3 rats (D:1)
54 creatures vanquished.

Grand Total: 56 creatures vanquished

Notes
Turn   | Place    | Note
--------------------------------------------------------------
     0 | D:1      | Tacitus the Deep Elf Summoner began the quest for the Orb.
     0 | D:1      | Reached XP level 1. HP: 10/10 MP: 6/6
   265 | D:1      | Reached XP level 2. HP: 4/15 MP: 2/8
   623 | D:1      | You fall through a shaft!
   677 | D:2      | Reached skill level 5 in Summonings
   777 | D:2      | Reached XP level 3. HP: 15/19 MP: 7/10
  1064 | D:2      | Learned a level 3 spell: Summon Guardian Golem
  1706 | D:3      | Reached XP level 4. HP: 18/24 MP: 12/12
  1932 | D:3      | Killed from afar by an orc priest

Vault maps used:
D:1:      lemuel_arrival_hallway
D:2:      due_unseen_surprise

Action                   |  1- 3 |  4- 6 || total
-------------------------+-------+-------++-------
Melee: Unarmed           |    10 |       ||    10
       Mace              |     7 |       ||     7
       Short sword       |     1 |       ||     1
       Hand axe          |     1 |       ||     1
 Cast: Summon Small Mamm |   105 |    20 ||   125
  Use: Potion            |     4 |       ||     4
       Scroll            |     1 |       ||     1
  Eat: Bread ration      |     1 |       ||     1
